 Dungeon Crawl Stone Soup version 0.29.1-15-g9cfb28693d (webtiles) character file.

Game seed: 17547723688891669168

147 Hoivenmaven the Stinger (level 5, -1/31 HPs)
             Began as an Octopode Venom Mage on Mar 11, 2023.
             Killed by divine providence
             ... invoked by an orc priest
              (17 damage)
             ... on level 3 of the Dungeon on Mar 12, 2023.
             The game lasted 00:09:56 (3768 turns).

Hoivenmaven the Stinger (Octopode Venom Mage)       Turns: 3768, Time: 00:09:56

Health: -1/31      AC:  1    Str:  9    XL:     5   Next: 29%
Magic:  8/8        EV: 13    Int: 18    God:
Gold:   157        SH:  0    Dex: 18    Spells: 2/8 levels left

rFire   . . .      SeeInvis +   m - +0 dagger
rCold   . . .      Faith    .   (no shield)
rNeg    . . .      Spirit   .   (helmet restricted)
rPois   .          Reflect  .   (no amulet)
rElec   .          Harm     .   c - ring of see invisible
rCorr   .          Rampage  .   h - +6 ring of dexterity
Will    .....                   (no ring)
Stlth   +++.......              (no ring)
HPRegen 0.10/turn               (no ring)
MPRegen 0.11/turn               (no ring)
                                (no ring)
                                (no ring)

@: no status effects
A: almost no armour, amphibious, 8 rings, camouflage 1, gelatinous body 1,
(nimble swimmer 1), tentacles
a: no special abilities


You were on level 3 of the Dungeon.
You visited 1 branch of the dungeon, and saw 3 of its levels.

You collected 157 gold pieces.

Inventory:

Hand Weapons
 m - a +0 dagger (weapon)
Missiles
 q - 4 poisoned darts (quivered)
Jewellery
 c - a ring of see invisible (left tentacle)
 h - a +6 ring of dexterity (right tentacle)
 r - a ring of ice
Wands
 s - a wand of digging (4)
Scrolls
 b - a scroll of poison {unknown}
 d - a scroll of summoning {unknown}
 g - 6 scrolls of magic mapping {unknown}
 k - a scroll of vulnerability {unknown}
 l - 3 scrolls of identify {unknown}
 n - a scroll of fear {unknown}
 o - a scroll of enchant armour {unknown}
Potions
 a - a potion of magic
 e - a potion of cancellation {unknown}
 f - a potion of curing {unknown}
 i - a potion of attraction {unknown}
 j - a potion of degeneration {unknown}
 p - a potion of heal wounds {unknown}


   Skills:
 - Level 2.0 Dodging
 - Level 2.6 Stealth
 - Level 2.0 Spellcasting
 + Level 1.4 Transmutations
 * Level 1.2 Fire Magic
 + Level 6.5 Poison Magic


You had 2 spell levels left.
You knew the following spells:

 Your Spells              Type           Power      Damage    Failure   Level
a - Sting                 Tmut/Pois      64%        1d6       3%          1
b - Poisonous Vapours     Pois/Air       26%        N/A       7%          2
c - Ignite Poison         Fire/Tmut/Pois 12%        N/A       16%         3

Your spell library contained the following spells:

 Spells                   Type           Power      Damage    Failure   Level
 Summon Small Mammal      Summ           4%         N/A       19%         1
 Olgreb's Toxic Radiance  Pois           25%        N/A       12%         4
 Mephitic Cloud           Conj/Pois/Air  9%         N/A       22%         3
 Conjure Flame            Conj/Fire      4%         6-21      38%         3
 Call Canine Familiar     Summ           1%         N/A       47%         3
 Ozocubu's Armour         Ice            1%         N/A       47%         3
 Summon Guardian Golem    Hex/Summ       1%         N/A       47%         3
 Sticky Flame             Conj/Fire      4%         2d3       80%         4
 Metabolic Englaciation   Hex/Ice        0%         N/A       99%         5
 Simulacrum               Ice/Necr       0%         N/A       100%        6


Dungeon Overview and Level Annotations

Branches:
Dungeon (3/15)

Altars:
Nemelex Xobeh
Trog

Shops:
D:2 [


Innate Abilities, Weirdness & Mutations

You cannot wear most types of armour.
You are amphibious.
You can wear up to eight rings at the same time.
Your skin changes colour to match your surroundings (Stealth+).
Your rubbery body absorbs attacks. (AC +1, EV +1)
((You are camouflaged when in or above water. (Stealth+)))
You have tentacles for arms and can constrict up to eight enemies at once.


Message History

The sting hits the orc priest.
The orc priest looks even sicker.
The orc priest is severely wounded.
The orc priest mumbles some strange prayers to Beogh against you.
Pain shoots through your body!
An orc priest comes into view. It is wielding a +0 short sword.
The orc priest shouts!
You hit the orc priest but do no damage.
You grab the orc priest.
The orc priest is severely wounded.
You constrict the orc priest.
The orc priest struggles to escape constriction.
An orc comes into view. It is wielding a +0 club.
You release your grip on the orc priest.
The endoplasm attacks as you move away! The endoplasm closely misses you.
You kill the orc priest!
Unknown command.
The endoplasm attacks as you move away! The endoplasm closely misses you.
The endoplasm attacks as you move away! The endoplasm closely misses you.
The endoplasm attacks as you move away! The endoplasm barely misses you.
The endoplasm attacks as you move away! The endoplasm barely misses you.
The endoplasm attacks as you move away! The endoplasm hits you.
The endoplasm attacks as you move away! The endoplasm completely misses you.
The orc priest calls down the wrath of Beogh upon you.
Beogh smites you!
Okay, then.
Unknown command.
Unknown command.
Okay, then.
Unknown command.
Unknown command.
You see here a +0 dagger.
The endoplasm attacks as you move away! The endoplasm closely misses you.
The endoplasm attacks as you move away! The endoplasm hits you.
A quokka comes into view.
The quokka moves out of view.
The endoplasm attacks as you move away! The endoplasm misses you.
The orc priest invokes the aid of Beogh against you.
Beogh smites you!
Ouch! That really hurt!
You die...

###.##### #.#
#.# #.# #+#
####.# #....#
#.#### #..##
.####...##
..........#
...###..@.###
. #..#...#
#...J#.#
####o..#
#..##
#.######..# #
## #
#.......o)# .
.# .##
#########o#
.#.#...## #.#


You could see an orc priest, 2 orcs and an endoplasm.

Vanquished Creatures
  An orc priest (D:3)
  4 adders
  2 worms (D:2)
  2 dart slugs (D:2)
  An orc (D:3)
  5 endoplasms
  3 giant cockroaches
  4 goblins
  5 hobgoblins
  9 jackals
  2 quokkas
  9 ball pythons
  9 bats
  2 frilled lizards (D:2)
  6 kobolds
  5 rats
69 creatures vanquished.

Notes
Turn   | Place    | Note
-------+----------+-------------------------------------------
     0 | D:1      | Hoivenmaven the Octopode Venom Mage began the quest for the
                  | Orb.
     0 | D:1      | Reached XP level 1. HP: 11/11 MP: 3/3
   267 | D:1      | Reached skill level 4 in Poison Magic
   397 | D:1      | Reached XP level 2. HP: 17/17 MP: 3/5
   400 | D:1      | Learned a level 2 spell: Poisonous Vapours
  1118 | D:1      | Reached skill level 5 in Poison Magic
  1118 | D:1      | Reached XP level 3. HP: 21/21 MP: 4/6
  1122 | D:1      | Learned a level 3 spell: Ignite Poison
  1676 | D:2      | Found a faded altar of an unknown god.
  1975 | D:2      | Reached XP level 4. HP: 26/27 MP: 2/7
  2120 | D:2      | Found Hyloim's Armour Shop.
  2696 | D:2      | Reached skill level 6 in Poison Magic
  3411 | D:3      | Found a bloodstained altar of Trog.
  3573 | D:3      | Reached skill level 1 in Fire Magic
  3604 | D:3      | Reached XP level 5. HP: 31/31 MP: 4/8
  3648 | D:3      | Found a sparkling altar of Nemelex Xobeh.
  3768 | D:3      | Killed from afar by an orc priest

Illustrated notes

Levels and vault maps discovered:
D:1:      noname_arrival_rooms_in_the_neighbourhood, layout_basic,
          minmay_misc_feat_tiny
D:2:      layout_loops_ring, hellmonk_ecumenical_altar_lost_god, serial_shops,
          shop
D:3:      layout_loops_corners, mainiacjoe_overflow_brackets,
          general_overflow_altar

Skill      XL: |  1  2  3  4 |
---------------+-------------+-----
Poison Magic   | 4 5 6 |  6.5
Fire Magic     | 1 |  1.2
Dodging        | |  2.0
Stealth        | |  2.6
Spellcasting   | |  2.0
Transmutations | |  1.4

Action                   |  1- 3 |  4- 6 || total
-------------------------+-------+-------++-------
Melee: Unarmed           |    28 |       ||    28
       Constrict         |    15 |     6 ||    21
       Tentacles         |    13 |     2 ||    15
       Dagger            |    13 |    17 ||    30
 Cast: Sting             |    46 |    31 ||    77
       Poisonous Vapours |    10 |    20 ||    30
Armor: Skin              |     8 |     2 ||    10
Dodge: Dodged            |    27 |    22 ||    49
